 Dungeon Crawl Stone Soup version 0.18.1-8-gdd0e5ea (webtiles) character file.

4 Implojin the Insei (level 1, 0/18 HPs)
             Began as a Mummy Monk on May 21, 2016.
             Slain by a rat (3 damage)
             ... on level 1 of the Dungeon.
             The game lasted 00:01:50 (389 turns).

Implojin the Insei (Mummy Monk)                      Turns: 389, Time: 00:01:50

Health: 0/18       AC:  0    Str: 14    XL:     1   Next: 58%
Magic:  1/1        EV: 13    Int:  9    God:
Gold:   8          SH:  0    Dex: 14    Spells: 0 memorised, 0 levels left

rFire  x . .     SeeInvis .       - Unarmed
rCold  + . .     Gourm    .     (no armour)
rNeg   + + +     Faith    .     (no shield)
rPois  ∞         Spirit   .     (no helmet)
rElec  .         Dismiss  .     (no cloak)
rCorr  .         Reflect  .     (no gloves)
SustAt .         Harm     .     (no boots)
MR     .....                    (no amulet)
Stlth  ++........               (no ring)
                                (no ring)

@: not resistant to hostile enchantments, unstealthy
A: no food or potions, fire vulnerability, cold resistance 1, negative energy
resistance 3, torment resistance, unbreathing
a: no special abilities


You were on level 1 of the Dungeon.
You were not hungry.

You visited 1 branch of the dungeon, and saw 1 of its levels.

You collected 8 gold pieces.

You aren't carrying anything.


   Skills:
 - Level 3.0 Fighting
 - Level 2.4 Dodging
 - Level 1.5 Stealth
 * Level 3.5 Unarmed Combat


You couldn't memorise any spells.
You didn't know any spells.

Dungeon Overview and Level Annotations

Branches:
Dungeon (1/15)

Altars:


Innate Abilities, Weirdness & Mutations

You do not eat or drink.
Your flesh is vulnerable to fire.
You are immune to poison.
Your flesh is cold resistant.
You are immune to negative energy.
You are immune to unholy pain and torment.
You can survive without breathing.


Message History

The hobgoblin closely misses you.
You closely miss the rat. The rat barely misses you.
The hobgoblin hits you with a club.
* * * LOW HITPOINT WARNING * * *
The rat barely misses you. The rat completely misses you.
There is a staircase leading out of the dungeon here.
You see here a +0 robe.
You see here a giant cockroach corpse.
There is a staircase leading out of the dungeon here.
You see here a +0 robe.
The hobgoblin closely misses you.
A dart slug comes into view.
There is a staircase leading out of the dungeon here.
You see here a +0 robe.
The rat twitches its whiskers.
You hit the dart slug.
The dart slug is heavily wounded.
The dart slug closely misses you. The hobgoblin hits you with a club.
You hit the dart slug but do no damage.
The dart slug is heavily wounded.
The dart slug misses you. The hobgoblin hits you with a club.
* * * LOW HITPOINT WARNING * * *
The dart slug launches a dart at you. The slug dart hits you!
* * * LOW HITPOINT WARNING * * *
Found a ring mail.
A goblin comes into view. It is wielding a club.
The goblin shouts!
Found 17 stones.
A rat comes into view.
The hobgoblin hits you with a club.
* * * LOW HITPOINT WARNING * * *
You aren't carrying anything.
The hobgoblin barely misses you.
Unknown command.
You hit the rat.
You kill the rat!
The rat bites you.
You die...

..........##...#
......%...######
..........#
..........###
#...........##
##.........w.####
#...............##
..#..............#
###.####.....#.#@#
#.[ ##........gr#
##. #.......#.#g#
##...........#
#.........####
#.........#
#.........#
#......(..#
#.........#


You could see a dart slug, a hobgoblin, a goblin and a rat.

Vanquished Creatures
  A giant cockroach (D:1)
  A goblin (D:1)
  A hobgoblin (D:1)
  A rat (D:1)
4 creatures vanquished.

Notes
Turn   | Place    | Note
--------------------------------------------------------------
     0 | D:1      | Implojin the Mummy Monk began the quest for the Orb.
     0 | D:1      | Reached XP level 1. HP: 18/18 MP: 1/1
   389 | D:1      | Slain by a rat

Action                   || total
-------------------------++-------
Melee: Unarmed           ||    18
 Stab: Sleeping          ||     1
Dodge: Dodged            ||    16

Table legend:
 A = Turns spent in this place as a percentage of turns spent in the entire game.
 B = Non-inter-level travel turns spent in this place as a percentage of non-inter-level travel turns spent in the entire game.
 C = Inter-level travel turns spent in this place as a percentage of turns spent in this place.
 D = Turns resting spent in this place as a percentage of non-inter-level travel turns spent in this place.
 E = Turns spent auto-exploring this place as a percentage of non-inter-level travel turns spent in this place.
 F = Non-inter-level travel turns spent in this place divided by the number of levels of this place that you've seen.
                   A       B       C       D       E      F
               +-------+-------+-------+-------+-------+----------------------
         Total | 100.0 | 100.0 |   0.0 |   0.0 |   0.5 | 376.0
       Dungeon | 100.0 | 100.0 |   0.0 |   0.0 |   0.5 | 376.0
               +-------+-------+-------+-------+-------+----------------------

Table legend:
 A = Kills in this place as a percentage of kills in entire the game.
 B = Kills by you in this place as a percentage of kills by you in the entire game.
 C = Kills by friends in this place as a percentage of kills by friends in the entire game.
 D = Other kills in this place as a percentage of other kills in the entire game.
 E = Experience gained in this place as a percentage of experience gained in the entire game.
 F = Experience gained in this place divided by the number of levels of this place that you have seen.
                   A       B       C       D       E      F
               +-------+-------+-------+-------+-------+----------------------
         Total | 100.0 | 100.0 |  -nan |  -nan | 100.0 |   7.0
       Dungeon | 100.0 | 100.0 |  -nan |  -nan | 100.0 |   7.0
               +-------+-------+-------+-------+-------+----------------------
